 Dungeon Crawl Stone Soup version 0.31-a0-210-gccc998df9b (webtiles) character file.

Game seed: 1053857001865091894

46732 kae the Alchemist (level 14, 0/117 (123) HPs)
             Began as a Demonspawn Transmuter on June 30, 2023.
             Was a Priest of Ru.
             Splashed by a goliath frog's acid (6 damage)
             ... on level 5 of the Lair of Beasts.
             The game lasted 00:19:05 (17778 turns).

kae the Alchemist (Demonspawn Transmuter)          Turns: 17778, Time: 00:19:06

HP:   0/117 (123)   AC:  2    Str: 12    XL:     14   Next: 5%
MP:   0/20          EV: 22    Int: 18    God:    Ru [***...]
Gold: 1141          SH:  5    Dex: 14    Spells: 11/21 levels left

rFire   x .          .
                       - Unarmed
rCold   + + +        (shield currently unavailable)
rNeg    . . .        a - melded +0 robe
rPois   +            (helmet currently unavailable)
rElec   .            (cloak currently unavailable)
rCorr   .            (gloves unavailable)
SInv    .            (boots currently unavailable)
Will    +....        t - amulet of reflection Stlth
                     E - +5 ring of evasion
HPRegen 0.39/turn    e - +5 ring of evasion
MPRegen 0.34/turn

%: reflection, guardian spirit
@: exhausted, ice-form, wereblooded, corroded, lightly drained
A: freezing attack, amphibious, boosted hp, large, (thin metallic scales 2),
magic shield, magic regeneration, no stealth, hated by all, inability to train
armour, demonic magic 1, corrupting presence 2, (demonic touch 3)
a: End Transformation, Renounce Religion, Sacrifice Courage, Sacrifice Drink,
Sacrifice Health, Reject Sacrifices, Draw Out Power


You were on level 5 of the Lair of Beasts.
You worshipped Ru.
Ru was most pleased with you.
You were a creature of crystalline ice.
You visited 3 branches of the dungeon, and saw 17 of its levels.

You collected 1141 gold pieces.


Innate Abilities, Weirdness & Mutations

You are a creature of crystalline ice.
You have a powerful freezing melee attack.
You are amphibious.
Your maximum health is increased.
Your armour is entirely melded.
You are incapable of wielding weapons or throwing items.
((You are mostly covered in thin metallic scales. (AC +3)))
When hurt, damage is shared between your health and your magic reserves.
You regenerate magic rapidly.
You cannot be stealthy.
You are hated by all.
You cannot train Armour skill.
Spells you cast may paralyse adjacent enemies.
Your presence sometimes corrodes or deforms those you injure.
((Your touch may irresistibly damage your foes and sap their willpower.))


   Skills:
 + Level 7.0 Fighting
 + Level 6.4 Dodging
 - Level 12.0 Unarmed Combat
 - Level 4.0 Spellcasting
 - Level 16.0 Transmutations
 - Level 6.0 Ice Magic
 - Level 2.0 Poison Magic


You had 11 spell levels left.
You knew the following spells:

 Your Spells              Type           Power      Damage    Failure   Level
a - Beastly Appendage     Tmut           100%       N/A       1%          1
b - Wereblood             Tmut           57%        N/A       1%          2
c - Spider Form           Tmut/Pois      36%        N/A       1%          3
d - Ice Form              Ice/Tmut       43%        N/A       1%          4

Your spell library contained the following spells:

 Spells                   Type           Power      Damage    Failure   Level
 Passwall                 Tmut/Erth      26%        N/A       1%          2
 Ensorcelled Hibernation  Hex/Ice        28%        N/A       6%          2
 Kiss of Death            Conj/Necr      12%        2d6       14%         1
 Sandblast                Erth           6%         2d5       14%         1
 Slow                     Hex            12%        N/A       14%         1
 Confusing Touch          Hex            3%         N/A       41%         3
 Stone Arrow              Conj/Erth      6%         3d7       41%         3
 Vampiric Draining        Necr           3%         2d6       41%         3
 Volatile Blastmotes      Fire/Tloc      6%         2d10      41%         3
 Anguish                  Hex/Necr       1%         N/A       82%         4
 Dispel Undead            Necr           3%         3d7       82%         4
 Fulminant Prism          Conj/Hex       1%         3d5       82%         4
 Iskenderun's Mystic Bla  Conj/Tloc      3%         2d3       82%         4
 Iskenderun's Battlesphe  Conj           3%         2d6       99%         5
 Lee's Rapid Deconstruct  Erth           1%         3d4*      99%         5
 Leda's Unmaking          Conj/Erth      1%         9d1       100%        6
 Spellforged Servitor     Conj/Summ      Unusable   N/A       N/A         7

Inventory:

Missiles
 g - 39 poisoned darts
 i - 6 atropa-tipped darts
 n - 15 javelins
 o - a throwing net {=f!f}
 y - 2 silver javelins
 G - a boomerang
 J - a curare-tipped dart {=f}
 K - 206 stones
Armour
 a - a +0 robe (melded)
 h - the +3 ring mail of Curiosity {rPois Str+3 Int+6 Dex-4}
   (You found it on level 2 of the Dungeon)

   Str:       It affects your strength (+3).
   Int:       It affects your intelligence (+6).
   Dex:       It affects your dexterity (-4).
   rPois:     It protects you from poison.
Magical Staves
 v - a staff of poison {!a}
   (You found it on level 8 of the Dungeon)
Jewellery
 e - a +5 ring of evasion (right front paw)
   (You found it on level 9 of the Dungeon)
 f - a ring of fire
   (You found it on level 11 of the Dungeon)
 t - an amulet of reflection (around neck)
   (You took it off a centaur on level 6 of the Dungeon)
 E - a +5 ring of evasion (left front paw)
   (You found it on level 4 of the Dungeon)
 F - a ring of protection from fire
   (You took it off a kobold on level 6 of the Dungeon)
Wands
 j - a wand of acid (10)
   (You found it on level 4 of the Dungeon)
 q - a wand of iceblast (13)
   (You found it on level 7 of the Dungeon)
 r - a wand of paralysis (7)
   (You took it off Ijyb on level 5 of the Dungeon)
 w - a wand of polymorph (2)
   (You found it on level 7 of the Dungeon)
 B - a wand of flame (36)
   (You found it on level 9 of the Dungeon)
Scrolls
 d - 4 scrolls of identify {@r1}
 u - 5 scrolls of teleportation {@r4}
 x - 2 scrolls of immolation {!r!r}
 z - 2 scrolls of revelation
 A - a scroll of vulnerability {!r!r}
 D - a scroll of enchant armour
 H - a scroll of silence {!r}
 I - a scroll of fog
 M - 3 scrolls of enchant weapon
 O - 2 scrolls of poison {!r}
 P - a scroll of fear
Potions
 b - 4 potions of lignification {!q}
 c - 3 potions of mutation {!q}
 k - 2 potions of magic
 l - 3 potions of curing {@q1}
 m - 5 potions of attraction {!q}
 p - 2 potions of cancellation
 s - a potion of ambrosia
 C - 3 potions of brilliance
 L - 2 potions of heal wounds {@q2}
 N - 2 potions of enlightenment
 Q - a potion of haste {@q3}

Dungeon Overview and Level Annotations

Branches:
Dungeon (11/15) Zot: 25470  Temple (1/1) D:4 Zot: 5886    Lair (5/5) D:8 Zot: 24316
 Shoals (0/4) Lair:2        Snake (0/4) Lair:2
  Slime: Lair:4-5       Orc: D:9-12

Altars:
Ashenzari
Cheibriados
Dithmenos
Gozag
Kikubaaqudgha
Makhleb
Nemelex Xobeh
Okawaru
Qazlal
Ru
Sif Muna
Trog
Uskayaw
Vehumet
Wu Jian
Xom

Shops:
D:1 ?

Annotations:
D:2 Sigmund
D:4 2 transporters, tsouns's ghost, amateur MiFi
D:6 Edmund
D:8 4 transporters
Lair:1 2 transporters
Lair:3 exclusion: oklob plant
Lair:5 exclusion: 2 oklob plants

P.Y...... ...YY...#
.P.........# ..
...........### .F.
.........Y...## #.P..
........)..... ###~..~P.
.......#....####YF.~..~.
.......P....~YFY~.~~P~~~
..........†...†.~~~~~~≈~
..........~.~..~≈~~~~~~~
..............~~P~~~~~~~
...........†..~~~~~~~~~~
...........~.~~~~~~~~≈P~
..........P~..≈≈~~≈P~~~~
..†..........~~~~~~~~≈~


You could see 2 elephants, a goliath frog (corona), a cane toad and a blink
frog.


Message History

The elephant closely misses you. x2
You hit the elephant. You freeze the elephant.
Your corrupting presence corrodes the elephant!
You block the goliath frog's attack. 😕 HP[+1] Unknown command.
You punch the elephant! You freeze the elephant.
Your corrupting presence corrodes the elephant!
The goliath frog hits you from afar!
You are splashed with acid!
You block the elephant's attack. The elephant closely misses you.
The elephant tramples you.
You stumble backwards! 😮 HP[-25] MP[-3]
You take 25 damage, and now have 77/121 hp.
MASSIVE DAMAGE!! (PAUSE)
You lost 3 mp, and now have 12/20 mp.
You punch the elephant! You freeze the elephant.
Your corrupting presence corrodes the elephant! 😮 MP[+1]
You pummel the elephant!! You freeze the elephant.
You feel a bit better.
You kill the elephant!
The elephant tramples you.
You hold your ground!
The elephant trunk-slaps you.
The goliath frog closely misses you. 😮 HP[-7]
You take 7 damage, and now have 70/121 hp.
You punch the elephant! You freeze the elephant.
A cane toad comes into view.
The goliath frog barely misses you.
The elephant is stunned by your conviction and fails to attack.
The elephant tramples you!
You hold your ground!
The elephant barely misses you. 😮 HP[-9] MP[-1]
You take 9 damage, and now have 61/121 hp.
You lost 1 mp, and now have 12/20 mp.
The cane toad gives a loud, deep croak!
You pummel the elephant!! You freeze the elephant. You punch the elephant!
You freeze the elephant. You block the goliath frog's attack.
The elephant tramples you.
* * * LOW HITPOINT WARNING * * *
You hold your ground!
You block the elephant's attack.
The elephant tramples you but does no damage.
The elephant barely misses you. 😨 HP[-1]
You take 1 damage, and now have 60/121 hp.
Unknown command.
You punch the elephant! You freeze the elephant.
The goliath frog hits you from afar.
* * * LOW HITPOINT WARNING * * *
You are splashed with acid!
* * * LOW HITPOINT WARNING * * *
The elephant tramples you!
* * * LOW HITPOINT WARNING * * *
You hold your ground!
The elephant trunk-slaps you but does no damage.
You redirect the elephant's attack!
The elephant tramples itself!
The elephant trunk-slaps itself. 😨 HP[-14] MP[-3]
You take 14 damage, and now have 46/121 hp.
You lost 3 mp, and now have 9/20 mp.
You pummel the elephant!! You freeze the elephant.
You feel a bit better.
You kill the elephant!
The goliath frog hits you from afar!
* * * LOW HITPOINT WARNING * * *
You are splashed with acid!
* * * LOW HITPOINT WARNING * * *
You block the elephant's attack.
The elephant trunk-slaps you but does no damage.
Your Fighting skill increases to level 7! 😨 HP[-14] MP[-4]
You now have 123 max hp (+2).
You take 14 damage, and now have 32/123 hp.
You lost 4 mp, and now have 5/20 mp.
Unknown command.
You completely miss the elephant. The cane toad barely misses you.
The goliath frog hits you from afar!
* * * LOW HITPOINT WARNING * * *
You are splashed with acid.
* * * LOW HITPOINT WARNING * * *
😱 HP[-15] MP[-2]
You take 15 damage, and now have 17/123 hp.
You lost 2 mp, and now have 3/20 mp.
You are restored by drawing out deep reserves of power within.
You feel drained.
You hear a croak.
A blink frog comes into view.
The goliath frog hits you from afar!
* * * LOW HITPOINT WARNING * * *
The acid corrodes you!
You are splashed with acid!
* * * LOW HITPOINT WARNING * * *
You focus your inner power and illuminate the goliath frog in retribution!
The cane toad closely misses you.
The elephant closely misses you. x2 😱 HP[+4] MP[+4]
You now have 117 max hp (-6).
You regained 4 hp, and now have 21/117 hp.
You regained 4 mp, and now have 7/20 mp.
You hit the cane toad but do no damage. The cane toad closely misses you.
The goliath frog hits you from afar!!
* * * LOW HITPOINT WARNING * * *
The acid corrodes you!
You are splashed with acid!
You die...

Skill      XL: |  1  2  3  4  5  6  7  8  9 10 11 12 13 14 |
---------------+-------------------------------------------+-----
Transmutations | 2 3 4 5 6 9 11 13 15 16 | 16.0
Unarmed Combat | 3 4 5 7 8 10 11 12 | 12.0
Poison Magic   | 1 2 |  2.0
Spellcasting   | 3 4 |  4.0
Ice Magic      | 1 3 5 6 |  6.0
Fighting       | 6 7 |  7.0
Dodging        | 6 |  6.4

Action                     |  1- 3 |  4- 6 |  7- 9 | 10-12 | 13-15 || total
---------------------------+-------+-------+-------+-------+-------++-------
  Melee: Unarmed           |    83 |   122 |   258 |   656 |   351 ||  1470
         Kick              |    11 |    16 |       |       |       ||    27
         Headbutt          |    10 |     8 |       |       |       ||    18
         Punch             |     1 |       |       |       |       ||     1
         Touch             |    12 |     9 |     1 |       |       ||    22
   Cast: Beastly Appendage |    25 |    13 |       |       |       ||    38
         Spider Form       |       |     9 |     6 |     1 |       ||    16
         Wereblood         |       |     2 |     9 |    28 |    10 ||    49
         Ice Form          |       |     2 |    19 |    56 |    27 ||   104
 Invoke: Sacrifice Durabil |       |       |     1 |       |       ||     1
         Reject Sacrifices |       |       |     1 |       |       ||     1
         Sacrifice Love    |       |       |       |     1 |       ||     1
         Draw Out Power    |       |       |       |     2 |     2 ||     4
         Sacrifice Stealth |       |       |       |     1 |       ||     1
    Use: Scroll            |       |     8 |     6 |     9 |     2 ||    25
         Potion            |       |       |     1 |       |       ||     1
   Stab: Paralysed         |       |       |     5 |    15 |       ||    20
         Invisible         |       |       |     3 |     2 |     2 ||     7
         Distracted        |       |       |     1 |     4 |       ||     5
 Armour: Robe              |    10 |    10 |     2 |       |       ||    22
         Skin              |       |    10 |    49 |    97 |    56 ||   212
  Dodge: Dodged            |    62 |   113 |   181 |   513 |   266 ||  1135
  Block: Other             |       |       |    32 |   140 |    66 ||   238
         Reflection        |       |       |       |     2 |     1 ||     3

Levels and vault maps discovered:
D:1:      tarquinn_simple_flora_water_a, layout_basic, serial_shops,
          nicolae_shop_rolling_square
D:2:      layout_basic, uniq_sigmund
D:3:      layout_rooms, trog_hazing_becter, mainiacjoe_overflow_two_lobes
D:4:      layout_gridville, minmay_temple_entry_tees, gammafunk_ghost_mausoleum
D:5:      layout_basic, mainiacjoe_overflow_tiny_flanked,
          kennysheep_generic_room_12, uniq_ijyb, uniq_eustachio, uniq_grinder
D:6:      layout_cave_pools, lemuel_zombie_altar_yredelemnul, uniq_edmund,
          uniq_blork_the_orc
D:7:      layout_basic
D:8:      layout_loops_ring, due_lair_maze_entry_diamond,
          nicolae_diode_quadrants
D:9:      layout_basic, lemuel_doored_altar
D:10:     layout_loops_ring, uniq_lodul
D:11:     layout_basic, grunt_ministairs_13, uniq_urug
Temple:   lightli_temple_of_artemis
Lair:1:   gammafunk_boulding_lane, layout_cave_pods, st_stairs_8, uniq_grum,
          uniq_amaemon
Lair:2:   regret_index_tunnel_blossom, layout_cave_shapes,
          minmay_shoals_entry_beasts, dummy_snake_entry, serial_forest,
          infiniplex_forest_3_way, infiniplex_forest_straight_2,
          infiniplex_forest_clump_curved, infiniplex_forest_end_double,
          infiniplex_forest_lined_2, infiniplex_forest_zigzag_1,
          infiniplex_forest_end_2, serial_bayou_shore_a
Lair:3:   layout_regular_city, minmay_lair_oklob_bushes, beast_lair_carwin_11
Lair:4:   layout_misc_corridors, infiniplex_staircase_pool_2,
          serial_bayou_shore_b, grunt_megastairs_3
Lair:5:   minmay_lair_end_frog_pond, layout_gridlike,
          minmay_slime_entry_oklob_open

Notes
Turn   | Place    | Note
-------+----------+-------------------------------------------
     0 | D:1      | kae the Demonspawn Transmuter began the quest for the Orb.
     0 | D:1      | Reached XP level 1. HP: 15/15 MP: 3/3
     0 | D:1      | magus.rc [v1.11.3]
    70 | D:1      | Reached skill level 2 in Transmutations
   110 | D:1      | You pick up a book of Geomancy and begin reading...
   110 | D:1      | You add the spells Sandblast, Passwall and Stone Arrow to
                  | your library.
   114 | D:1      | Found Areahy's Magic Scroll Emporium.
   271 | D:1      | Gained mutation: Your touch may inflict minor irresistible
                  | damage on your foes. [demonic ancestry]
   271 | D:1      | Reached XP level 2. HP: 17/21 MP: 3/5
   362 | D:1      | Learned a level 2 spell: Wereblood
   994 | D:2      | Noticed Sigmund
  1007 | D:2      | Reached skill level 3 in Unarmed Combat
  1007 | D:2      | Reached XP level 3. HP: 22/26 MP: 3/6
  1012 | D:2      | Learned a level 3 spell: Spider Form
  1037 | D:2      | Identified the +3 ring mail of Curiosity {rPois Str+3 Int+6
                  | Dex-4}
  1418 | D:2      | You pick up a book of Changes and begin reading...
  1811 | D:3      | You pick up a book of Dreams and begin reading...
  1811 | D:3      | You add the spells Ensorcelled Hibernation and Anguish to
                  | your library.
  1953 | D:3      | Reached skill level 1 in Poison Magic
  2090 | D:3      | Found a bloodstained altar of Trog.
  2112 | D:3      | Gained mutation: Your touch may inflict irresistible damage
                  | on your foes. [demonic ancestry]
  2112 | D:3      | Reached XP level 4. HP: 32/32 MP: 5/7
  2117 | D:3      | Reached skill level 3 in Transmutations
  2387 | D:3      | Found an ancient bone altar of Kikubaaqudgha.
  2419 | D:3      | Found an opulent altar of Gozag.
  2650 | D:4      | Found a staircase to the Ecumenical Temple.
  2656 | Temple   | Entered the Ecumenical Temple
  2752 | Temple   | Became a worshipper of Ru the Awakened
  2949 | D:4      | Found a transporter.
  2951 | D:4      | Noticed tsouns's ghost (amateur MiFi)
  2956 | D:4      | Found a transporter.
  3515 | D:5      | Entered Level 5 of the Dungeon
  3583 | D:5      | Noticed Eustachio
  3616 | D:5      | Killed Eustachio
  3617 | D:5      | Reached skill level 3 in Spellcasting
  3617 | D:5      | Reached skill level 2 in Poison Magic
  3617 | D:5      | Gained mutation: You regenerate magic rapidly. [demonic
                  | ancestry]
  3617 | D:5      | Reached XP level 5. HP: 27/37 MP: 2/9
  3700 | D:5      | Reached skill level 4 in Unarmed Combat
  3700 | D:5      | Reached XP level 6. HP: 24/43 MP: 10/10
  3755 | D:5      | Learned a level 4 spell: Ice Form
  3802 | D:5      | Noticed an ice beast
  3833 | D:5      | Killed an ice beast
  3834 | D:5      | Reached skill level 4 in Transmutations
  3834 | D:5      | Reached skill level 1 in Ice Magic
  4014 | D:5      | Noticed Ijyb
  4015 | D:5      | Paralysed by Ijyb for 2 turns
  4034 | D:5      | Killed Ijyb
  4210 | D:5      | HP: 9/43 [gnoll/+0 club[a gnoll bouda] (7)]
  4451 | D:5      | Gained mutation: Spells you cast may paralyse adjacent
                  | enemies. [demonic ancestry]
  4451 | D:5      | Reached XP level 7. HP: 48/48 MP: 8/12
  4459 | D:5      | Found a snail-covered altar of Cheibriados.
  4610 | D:5      | Gained mutation: You cannot train Armour skill. [Ru
                  | sacrifice]
  4610 | D:5      | Reached * piety under Ru
  4672 | D:5      | Reached skill level 2 in Ice Magic
  4688 | D:5      | Noticed Grinder
  4694 | D:5      | Killed Grinder
  4793 | D:5      | Reached skill level 5 in Transmutations
  4810 | D:6      | Noticed Blork the orc
  4856 | D:6      | Reached skill level 3 in Ice Magic
  4962 | D:6      | Gained mutation: You are partially covered in thin metallic
                  | scales. (AC +2) [demonic ancestry]
  4962 | D:6      | Reached XP level 8. HP: 54/54 MP: 13/13
  4973 | D:6      | Reached skill level 4 in Spellcasting
  5074 | D:6      | HP: 11/52 [centaur/arrow (10)]
  5228 | D:5      | Killed Blork the orc
  5269 | D:6      | Reached skill level 4 in Ice Magic
  5272 | D:6      | Reached skill level 5 in Unarmed Combat
  5461 | D:6      | Noticed Edmund
  5584 | D:6      | Reached skill level 6 in Transmutations
  5853 | D:6      | Reached skill level 5 in Ice Magic
  5882 | D:6      | Found a basalt altar of Yredelemnul.
  6373 | D:7      | Reached XP level 9. HP: 23/59 MP: 15/15
  6373 | D:7      | HP: 17/70 [orc/+0 flail (6)]
  6675 | D:7      | Reached skill level 7 in Transmutations
  6754 | D:7      | Identified the +4 flail "Kifuczet" {venom, rF+ rN+ SInv}
  6866 | D:7      | Reached skill level 6 in Ice Magic
  6875 | D:7      | Reached skill level 6 in Unarmed Combat
  7374 | D:8      | Found a transporter.
  7374 | D:8      | Found a transporter.
  7376 | D:8      | Found a transporter.
  7470 | D:8      | Reached skill level 8 in Transmutations
  7513 | D:8      | Reached skill level 9 in Transmutations
  7529 | D:8      | Reached skill level 7 in Unarmed Combat
  7535 | D:8      | Gained mutation: Your touch may irresistibly damage your
                  | foes and sap their willpower. [demonic ancestry]
  7535 | D:8      | Reached XP level 10. HP: 65/65 MP: 16/16
  7568 | D:8      | Found a staircase to the Lair.
  8121 | D:8      | Found a transporter.
  8463 | D:9      | Found a shadowy altar of Dithmenos.
  8538 | D:9      | HP: 14/72 [wight/+0 dagger (6)]
  8777 | D:9      | Reached skill level 10 in Transmutations
  9324 | D:9      | Reached skill level 8 in Unarmed Combat
  9593 | D:10     | Entered Level 10 of the Dungeon
  9813 | D:10     | Reached skill level 11 in Transmutations
  9868 | D:10     | You pick up a book of Debilitation and begin reading...
  9868 | D:10     | You add the spells Slow, Vampiric Draining and Confusing
                  | Touch to your library.
 10055 | D:10     | Noticed Lodul
 10072 | D:10     | Killed Lodul
 10073 | D:10     | Gained mutation: When hurt, damage is shared between your
                  | health and your magic reserves. [demonic ancestry]
 10073 | D:10     | Reached XP level 11. HP: 70/70 MP: 17/17
 10554 | D:11     | Reached skill level 9 in Unarmed Combat
 10570 | D:11     | Noticed Urug
 10753 | D:11     | Killed Urug
 10754 | D:11     | Reached skill level 12 in Transmutations
 10869 | D:11     | Noticed a two-headed ogre
 10874 | D:11     | Killed a two-headed ogre
 10952 | D:11     | Gained mutation: You are hated by all. [Ru sacrifice]
 10952 | D:11     | Reached ** piety under Ru
 10952 | D:11     | Reached *** piety under Ru
 11169 | D:11     | Noticed a two-headed ogre
 11177 | D:11     | Killed a two-headed ogre
 11226 | D:11     | Noticed a boulder beetle
 11398 | D:11     | Killed a boulder beetle
 11964 | Lair:1   | Entered Level 1 of the Lair of Beasts
 12145 | Lair:1   | Reached skill level 13 in Transmutations
 12293 | Lair:1   | Reached skill level 10 in Unarmed Combat
 12345 | Lair:1   | Noticed Grum
 12362 | Lair:1   | Killed Grum
 12408 | Lair:1   | Gained mutation: You are mostly covered in thin metallic
                  | scales. (AC +3) [demonic ancestry]
 12408 | Lair:1   | Reached XP level 12. HP: 76/76 MP: 14/18
 12841 | Lair:1   | Found a transporter.
 12842 | Lair:1   | Found a transporter.
 12844 | Lair:1   | Noticed a boulder beetle
 12844 | Lair:1   | Noticed a boulder beetle
 12853 | Lair:1   | Amaemon the Diabolical Poisoner comes into view. He is
                  | wielding the +8 whip "Snakebite" {venom, curare, rPois}.
 12853 | Lair:1   | Noticed Amaemon
 12876 | Lair:1   | Killed Amaemon
 12994 | Lair:1   | You fall into a shaft and drop 1 floor!
 12994 | Lair:2   | Found a staircase to the Shoals.
 13002 | Lair:2   | Reached skill level 14 in Transmutations
 13462 | Lair:2   | Reached skill level 11 in Unarmed Combat
 13466 | Lair:2   | HP: 21/91 [poisoned by a cane toad]
 13471 | Lair:2   | HP: 18/91 [poisoned by a cane toad]
 13688 | Lair:2   | Noticed a four-headed hydra
 13697 | Lair:2   | Killed a four-headed hydra
 13865 | Lair:2   | Reached skill level 15 in Transmutations
 14129 | Lair:2   | You pick up a book of Blasting and begin reading...
 14129 | Lair:2   | You add the spells Volatile Blastmotes, Fulminant Prism,
                  | Iskenderun's Mystic Blast and Lee's Rapid Deconstruction to
                  | your library.
 14167 | Lair:2   | Found a staircase to the Snake Pit.
 14188 | Lair:2   | You pick up a book of Touch and begin reading...
 14188 | Lair:2   | You add the spells Kiss of Death and Dispel Undead to your
                  | library.
 14547 | Lair:2   | You pick up a book of Power and begin reading...
 14547 | Lair:2   | You add the spells Iskenderun's Battlesphere and Leda's
                  | Unmaking to your library.
 15089 | Lair:3   | Noticed a death yak
 15090 | Lair:3   | Noticed a death yak
 15090 | Lair:3   | Noticed a death yak
 15092 | Lair:3   | Noticed a death yak
 15093 | Lair:3   | Noticed a death yak
 15094 | Lair:3   | Noticed a boulder beetle
 15102 | Lair:3   | HP: 20/87 [death yak (16)]
 15106 | Lair:3   | Gained mutation: You cannot be stealthy. [Ru sacrifice]
 15114 | Lair:3   | Killed a death yak
 15115 | Lair:3   | Gained mutation: Your presence sometimes corrodes those you
                  | injure. [demonic ancestry]
 15115 | Lair:3   | Reached XP level 13. HP: 26/77 MP: 9/19
 15118 | Lair:3   | HP: 21/92 [death yak (6)]
 15125 | Lair:3   | HP: 19/90 [death yak (17)]
 15134 | Lair:3   | HP: 17/97 [death yak (10)]
 16152 | Lair:4   | Reached skill level 12 in Unarmed Combat
 16152 | Lair:4   | Reached skill level 16 in Transmutations
 16215 | Lair:4   | You pick up a book of Dreams and begin reading...
 16333 | Lair:4   | Reached skill level 2 in Fighting
 16333 | Lair:4   | Reached skill level 2 in Dodging
 16353 | Lair:4   | Reached skill level 3 in Fighting
 16355 | Lair:4   | Reached skill level 3 in Dodging
 16655 | Lair:4   | Reached skill level 4 in Fighting
 16922 | Lair:5   | Entered Level 5 of the Lair of Beasts
 17023 | Lair:5   | Reached skill level 4 in Dodging
 17084 | Lair:5   | Reached skill level 5 in Fighting
 17150 | Lair:5   | HP: 27/109 [poisoned by a cane toad]
 17155 | Lair:5   | HP: 24/109 [poisoned by a cane toad]
 17166 | Lair:5   | Reached skill level 5 in Dodging
 17455 | Lair:5   | Reached skill level 6 in Fighting
 17639 | Lair:5   | Reached skill level 6 in Dodging
 17720 | Lair:5   | Gained mutation: Your presence sometimes corrodes or
                  | deforms those you injure. [demonic ancestry]
 17720 | Lair:5   | Reached XP level 14. HP: 101/101 MP: 16/20
 17776 | Lair:5   | Reached skill level 7 in Fighting
 17776 | Lair:5   | HP: 21/123 [goliath frog (11)]
 17778 | Lair:5   | HP: 6/117 [goliath frog (16)]
 17778 | Lair:5   | Splashed by a goliath frog's acid

Vanquished Creatures
  4 hydras
  2 boulder beetles
  5 death yaks (Lair:3)
  2 two-headed ogres (D:11)
  Urug (D:11)
  Amaemon (Lair:1)
  Lodul (D:10)
  A lindwurm (Lair:4)
  3 manticores
  A black mamba (Lair:5)
  9 elephants
  An orange demon (Lair:1)
  22 cane toads
  A torpor snail (Lair:3)
  9 komodo dragons
  2 rime drakes
  A queen bee (Lair:2)
  A wind drake (Lair:2)
  2 trolls
  A polar bear (Lair:4)
  19 blink frogs
  A tyrant leech (Lair:5)
  Grinder (D:5)
  A shadow (D:11)
  2 wraiths
  32 yaks
  Grum (Lair:1)
  7 wyverns
  4 basilisks
  4 vampire mosquitoes (Lair:5)
  Eustachio (D:5)
  A steam dragon (D:8)
  18 water moccasins
  3 orc warriors
  A hornet zombie (D:6)
  An ice beast (D:5)
  11 ogres
  5 black bears (D:8)
  20 wolves
  2 centaurs
  2 phantoms (D:7)
  4 kobold brigands
  19 bullfrogs
  Blork the orc (D:5)
  A gnoll sergeant (D:9)
  2 scorpions (D:6)
  22 wights
  38 killer bees
  3 howler monkeys
  3 electric eels
  A centaur zombie (D:6)
  A gnoll bouda (D:5)
  3 orc priests
  A sleepcap (D:5)
  Ijyb (D:5)
  3 iguanas
  7 orc wizards
  8 hell rats
  6 adders
  8 gnolls
  A white imp (D:7)
  4 ufetubi
  2 dart slugs
  29 orcs
  4 endoplasms
  6 giant cockroaches
  8 goblins
  6 hobgoblins
  3 jackals (D:2)
  4 quokkas
  5 ball pythons
  3 bats
  A frilled lizard (D:3)
  20 kobolds
  3 rats
438 creatures vanquished.

Vanquished Creatures (others)
  A kobold (D:11)
1 creature vanquished.

Grand Total: 439 creatures vanquished

Table legend:
 A = Non-vault XP
 B = Vault XP
 C = Vault XP percentage of total XP
 D = Non-vault monster count
 E = Vault monster count
 F = Vault count percentage of total count
                 A         B        C        D         E       F
            +---------+---------+-------+---------+---------+-------
      Total |   41710 |   25051 |  37.5 |     307 |     131 |  29.9
            +---------+---------+-------+---------+---------+-------
        D:1 |      27 |       0 |   0.0 |      15 |       0 |   0.0
        D:2 |      46 |       0 |   0.0 |      14 |       0 |   0.0
        D:3 |      43 |      11 |  20.4 |      11 |       6 |  35.3
        D:4 |      51 |       0 |   0.0 |      10 |       0 |   0.0
        D:5 |     454 |     626 |  58.0 |      13 |       5 |  27.8
        D:6 |    1046 |     181 |  14.8 |      26 |       2 |   7.1
        D:7 |    1547 |       0 |   0.0 |      33 |       0 |   0.0
        D:8 |    1475 |    1383 |  48.4 |      23 |      11 |  32.4
        D:9 |    1774 |       0 |   0.0 |      23 |       0 |   0.0
       D:10 |    2298 |    1777 |  43.6 |      21 |      10 |  32.3
       D:11 |    3393 |    2190 |  39.2 |      11 |       3 |  21.4
     Lair:1 |    5130 |    2083 |  28.9 |      22 |       7 |  24.1
     Lair:2 |    3891 |    5744 |  59.6 |      18 |      45 |  71.4
     Lair:3 |    8372 |    1085 |  11.5 |      28 |       3 |   9.7
     Lair:4 |    4619 |    2422 |  34.4 |      18 |       8 |  30.8
     Lair:5 |    7544 |    7549 |  50.0 |      21 |      31 |  59.6
            +---------+---------+-------+---------+---------+-------

Skill      XL: |  1  2  3  4  5  6  7  8  9 10 11 12 13 14 |
---------------+-------------------------------------------+-----
Transmutations | 2 3 4 5 6 9 11 13 15 16 | 16.0
Unarmed Combat | 3 4 5 7 8 10 11 12 | 12.0
Poison Magic   | 1 2 |  2.0
Spellcasting   | 3 4 |  4.0
Ice Magic      | 1 3 5 6 |  6.0
Fighting       | 6 7 |  7.0
Dodging        | 6 |  6.4

Action                     |  1- 3 |  4- 6 |  7- 9 | 10-12 | 13-15 || total
---------------------------+-------+-------+-------+-------+-------++-------
  Melee: Unarmed           |    83 |   122 |   258 |   656 |   351 ||  1470
         Kick              |    11 |    16 |       |       |       ||    27
         Headbutt          |    10 |     8 |       |       |       ||    18
         Punch             |     1 |       |       |       |       ||     1
         Touch             |    12 |     9 |     1 |       |       ||    22
   Cast: Beastly Appendage |    25 |    13 |       |       |       ||    38
         Spider Form       |       |     9 |     6 |     1 |       ||    16
         Wereblood         |       |     2 |     9 |    28 |    10 ||    49
         Ice Form          |       |     2 |    19 |    56 |    27 ||   104
 Invoke: Sacrifice Durabil |       |       |     1 |       |       ||     1
         Reject Sacrifices |       |       |     1 |       |       ||     1
         Sacrifice Love    |       |       |       |     1 |       ||     1
         Draw Out Power    |       |       |       |     2 |     2 ||     4
         Sacrifice Stealth |       |       |       |     1 |       ||     1
    Use: Scroll            |       |     8 |     6 |     9 |     2 ||    25
         Potion            |       |       |     1 |       |       ||     1
   Stab: Paralysed         |       |       |     5 |    15 |       ||    20
         Invisible         |       |       |     3 |     2 |     2 ||     7
         Distracted        |       |       |     1 |     4 |       ||     5
 Armour: Robe              |    10 |    10 |     2 |       |       ||    22
         Skin              |       |    10 |    49 |    97 |    56 ||   212
  Dodge: Dodged            |    62 |   113 |   181 |   513 |   266 ||  1135
  Block: Other             |       |       |    32 |   140 |    66 ||   238
         Reflection        |       |       |       |     2 |     1 ||     3

Illustrated notes

Table legend:
 A = Kills in this place as a percentage of kills in the entire game.
 B = Kills by you in this place as a percentage of kills by you in the entire game.
 C = Kills by friends in this place as a percentage of kills by friends in the entire game.
 D = Other kills in this place as a percentage of other kills in the entire game.
 E = Experience gained in this place as a percentage of experience gained in the entire game.
 F = Experience gained in this place divided by the number of levels of this place that you have seen.
                   A       B       C       D       E      F
               +-------+-------+-------+-------+-------+----------------------
         Total | 100.0 | 100.0 |   N/A |   N/A | 100.0 | 3927.1
       Dungeon |  54.1 |  54.1 |   N/A |   N/A |  27.4 | 1665.6
          Lair |  45.9 |  45.9 |   N/A |   N/A |  72.6 | 9687.8
               +-------+-------+-------+-------+-------+----------------------

Table legend: (Time is in decaauts)
 A = Elapsed time spent in this place.
 B = Non-inter-level travel time spent in this place.
 C = Inter-level travel time spent in this place.
 D = Time resting spent in this place.
 E = Time spent auto-exploring this place.
 F = Levels seen in this place.
 G = Mean time per level.
                   A        B        C        D        E       F      G
               +--------+--------+--------+--------+--------+-----+--------+
         Total |  17582 |  17023 |    559 |    454 |  13379 |  17 | 1034.2 |
       Dungeon |  11785 |  11327 |    458 |    223 |   9184 |  11 | 1071.4 |
        Temple |    113 |     96 |     17 |      0 |     82 |   1 |  113.0 |
          Lair |   5682 |   5600 |     82 |    231 |   4113 |   5 | 1136.4 |
               +--------+--------+--------+--------+--------+-----+--------+

Top non-repeatable levels by time:
     D:5: 1568 daAuts
  Lair:3: 1426 daAuts
  Lair:1: 1383 daAuts
    D:11: 1298 daAuts
  Lair:2: 1281 daAuts
     D:7: 1242 daAuts
     D:9: 1228 daAuts
    D:10: 1025 daAuts
     D:8: 1022 daAuts
     D:6: 1005 daAuts
     D:1: 973 daAuts
     D:4: 865 daAuts
     D:2: 830 daAuts
  Lair:5: 809 daAuts
  Lair:4: 781 daAuts
